Unix NetHack Version 5.0.0-0 post-release - last build Jun 10 2026 00:39:30 (3ee93aec679c4c4259841fe613dc97188e26a321,branch:main).

Game began 2026-06-09 22:21:50, ended 2026-06-12 02:19:45.

Enkindle23, neutral male human Monk

                                         -------
                                         |..|..-----
                          ----------------.........|
                          |%^^^^........^..-...|...|
                          |+------------.....-.---.|
                          |.........|  --.|........|
                          |.........|   |.--..----.|
                          |.........|   |..|..`..`.|
                          |.........|   |-...`.`.`.|
                          |....<....|   |.``|...|..|
                          |.........|   |.-.-----`.|
                          |.........|   |........a.|
                          |.........|   --------@.--
                          -----------          ----

Enkindle23 the Initiate         St:18 Dx:15 Co:12 In:9 Wi:12 Ch:9  Neutral
Dlvl:5  $:282 HP:0(47) Pw:36(36) AC:2  Xp:6 T:2461 

Latest messages:
 The soldier ant bites!
 The soldier ant stings!
 In what direction? 9
 The soldier ant seems to be moving slower.
 The soldier ant bites!
 The soldier ant stings!
 You hit the soldier ant!
 The soldier ant bites!
 The soldier ant stings!
 What do you want to drink? [dEIS or ?*] <esc>
 Never mind.
 What do you want to drink? [dEIS or ?*] ?
 You feel better.
 The soldier ant bites!
 The soldier ant stings!
 You descend the stairs.
 You already found a monster.  Use 'm' prefix to force another search.
 You already found a monster.  Use 'm' prefix to force another search.
 You hit the dust vortex!
 The dust vortex engulfs you!
 You can't see in here!
 You destroy the dust vortex!
 You can see again.
 You climb up the stairs.
 The soldier ant bites!
 The soldier ant stings!
 You miss the soldier ant.
 You hit the soldier ant!
 The soldier ant misses!
 The soldier ant just misses!
 You miss the soldier ant.
 The soldier ant bites!
 The soldier ant misses!
 You hit the soldier ant!
 You kill the soldier ant!
 You see here a soldier ant corpse.
 What do you want to zap? [nRT or ?*] ?
 What do you want to zap? [nRT or ?*] ?
 In what direction? 9
 The soldier ant is suddenly moving faster.
 The soldier ant bites!
 The soldier ant stings!
 The soldier ant bites!
 The soldier ant stings!
 You die...
 Do you want your possessions identified? [ynq] (y) y
 Do you want to see your attributes? [ynq] (y) y
 Do you want an account of creatures vanquished? [ynaq] (y) y
 Do you want to see your conduct and achievements? [ynq] (y) y
 Do you want to see the dungeon overview? [ynq] (y) y

Inventory:
 Coins    ('$')
  $ - 282 gold pieces
 Weapons  (')')
  m - 6 +0 crossbow bolts
  p - 17 +0 darts
 Armor    ('[')
  A - an uncursed +0 elven leather helm (being worn)
  a - an uncursed +2 pair of leather gloves (being worn)
  P - an uncursed +0 pair of jumping boots (being worn)
  u - an uncursed +0 pair of low boots
  b - an uncursed +1 robe (being worn)
 Comestibles  ('%')
  l - 2 uncursed slime molds
  f - 6 uncursed apples
  e - 8 uncursed food rations
  h - 3 uncursed fortune cookies
  g - 5 uncursed oranges
  j - an uncursed lichen corpse
 Scrolls  ('?')
  w - 2 uncursed scrolls of confuse monster
  z - a blessed scroll of create monster
  i - 2 uncursed scrolls of earth
  L - an uncursed scroll of enchant armor
  v - 3 uncursed scrolls of identify
 Potions  ('!')
  I - an uncursed potion of gain level
  d - 3 uncursed potions of healing
  E - a cursed potion of healing
  S - an uncursed potion of object detection
 Wands    ('/')
  T - a wand of cancellation (0:5)
  n - a wand of speed monster (0:6)
  R - a wand of stasis (0:5)
 Tools    ('(')
  r - a cursed tin whistle
  y - a tinning kit (0:59)
 Gems/Stones  ('*')
  k - an uncursed worthless piece of red glass
  H - an uncursed worthless piece of yellow glass

Enkindle23 the Monk's attributes:

Background:
 You were an Initiate, a level 6 male human Monk.
 You were neutral, nominally on a mission for Chih Sung-tzu
 who was opposed by Shan Lai Ching (lawful) and Huan Ti (chaotic).
 You were right-handed.
 You were in Sokoban, on level 5.
 You entered the dungeon 2461 turns ago.
 It was nighttime.
 You had 411 experience points, 229 more were needed to attain level 7.

Basics:
 You had 0 out of 47 hit points.
 You had all 36 energy points (spell power).
 Your armor class was 2.
 Your wallet contained 282 zorkmids.
 Autopickup was off.

Final Characteristics:
 Your strength was 18 (limit:18/100).
 Your dexterity was 15 (limit:18).
 Your constitution was 12 (limit:18).
 Your intelligence was 9 (limit:18).
 Your wisdom was 12 (limit:18).
 Your charisma was 9 (limit:18).

Final Status:
 You weren't hungry.
 You were unencumbered.
 You were empty handed.
 You had basic skill with martial arts.

Final Attributes:
 You were devoutly aligned.
 You were sleep resistant.
 You were poison resistant.
 You saw invisible.
 You were stealthy.
 You could jump.
 You were guarded.
 Your spell casting was enhanced by wearing a robe.
 You were fast.
 You were unlucky.
 You are dead.

Miscellaneous:
 You didn't encounter any bones levels.
 Total elapsed playing time was 2 hours, 31 minutes and 19 seconds.

Major events:
 Turn
    1: Enkindle23 the neutral male human Monk entered the dungeon
  261: found Giantslayer in a shop
  298: attained the rank of Novice (level 3)
  944: entered the Gnomish Mines
 1195: entered Sokoban
 1438: completed 1st Sokoban level
 1914: attained the rank of Initiate (level 6)
 2461: killed by a soldier ant

Spells:
 Name                 Level Category     Fail Retention
 protection             1   clerical       0%  76%-100%
 create monster         2   clerical      61%  76%-100%
 slow monster           2   enchantment   61%  76%-100%
 healing                1   healing        0%  91%-100%
 chain lightning        2   attack        61%  76%-100%

Skills:
 Fighting Skills
   martial arts       [Basic]
 Weapon Skills
   quarterstaff       [Unskilled]
   spear              [Unskilled]
   crossbow           [Unskilled]
   shuriken           [Unskilled]
 Spellcasting Skills
   attack spells      [Unskilled]
   healing spells     [Basic]
   divination spells  [Unskilled]
   enchantment spells [Unskilled]
   clerical spells    [Unskilled]
   escape spells      [Unskilled]
   matter spells      [Unskilled]

Voluntary challenges:
 Character rerolling was not enabled.
 You followed a strict vegan diet.
 You were an atheist.
 You never hit with a wielded weapon.
 You never genocided any monsters.
 You never polymorphed an object.
 You never changed form.
 You used no wishes.
 You violated the special Sokoban rules 4 times.
Achievements:
 You entered a shop.
 You attained the rank of Novice.
 You entered the Gnomish Mines.
 You entered Sokoban.
 You attained the rank of Initiate.

 The Dungeons of Doom: levels 1 to 7
    Level 1:
       An altar, a sink.
    Level 2:
       A general store, a fountain, a sink.
    Level 3:
       A weapon shop, a fountain.
    Level 4:
       Some fountains.
       Stairs down to The Gnomish Mines.
    Level 5:
    Level 6:
    Level 7:
       Stairs up to Sokoban, level 6.
 The Gnomish Mines:
    Level 5:
 Sokoban: levels 6 up to 5
    Level 5: <- You were here.
       Unsolved.
       Final resting place for
          you, killed by a soldier ant.
    Level 6:
       Solved.


Vanquished creatures:
  2 small mimics
  a leprechaun
  a dust vortex
  a soldier ant
  a fire ant
  7 fog clouds
  a violet fungus
  a gnome leader
  a giant ant
  a kitten
 an orc zombie
 an acid blob
  4 coyotes
  a hobgoblin
  6 cave spiders
  2 yellow molds
  a gnome
  6 jackals
  a fox
  2 goblins
  a sewer rat
  a lichen
  2 kobold zombies
46 creatures vanquished.

No species were genocided or became extinct.

Game over:
                       ----------
                      /          \
                     /    REST    \
                    /      IN      \
                   /     PEACE      \
                  /                  \
                  |    Enkindle23    |
                  |      282 Au      |
                  |   killed by a    |
                  |   soldier ant    |
                  |                  |
                  |                  |
                  |       2026       |
                 *|     *  *  *      | *
        _________)/\\_//(\/(/\)/\//\/|_)_______

Goodbye Enkindle23 the Monk...

You died in Sokoban on dungeon level 5 with 2198 points,
and 282 pieces of gold, after 2461 moves.
You were level 6 with a maximum of 47 hit points when you died.

